 Dungeon Crawl Stone Soup version 0.20-a0-1039-gf554463 (webtiles) character file.

196 nubinia the Ducker (level 5, -6/25 HPs)
             Began as a Spriggan Venom Mage on Apr 22, 2017.
             Killed by divine providence
             ... invoked by an orc priest
              (16 damage)
             ... on level 4 of the Dungeon.
             The game lasted 00:15:58 (3759 turns).

nubinia the Ducker (Spriggan Venom Mage)            Turns: 3759, Time: 00:15:59

Health: -6/25      AC:  2    Str:  4    XL:     5   Next: 46%
Magic:  5/11       EV: 19    Int: 17    God:
Gold:   74         SH:  0    Dex: 17    Spells: 5/11 levels left

rFire    . . .     SeeInvis +   s - +0 blowgun
rCold    . . .     Gourm    .   (shield restricted)
rNeg     . . .     Faith    .   a - +0 robe
rPois    .         Spirit   .   (helmet restricted)
rElec    .         Reflect  .   (no cloak)
rCorr    .         Harm     .   (gloves unavailable)
MR       .....                  (boots unavailable)
Stlth    +++.......             (no amulet)
Regen    0.1/turn               (no ring)
MPRegen  0.2/turn               (no ring)

@: very quick
A: unfitting armour, see invisible, herbivore 3, speed 3, slow metabolism 2
a: no special abilities


You were on level 4 of the Dungeon.
You were not hungry.

You visited 1 branch of the dungeon, and saw 4 of its levels.

You collected 74 gold pieces.

Inventory:

Hand Weapons
 d - a +0 dagger
 f - a +0 vampiric spear
 p - a +1 dagger of venom
 s - a +0 blowgun (weapon)
Missiles
 r - 32 poisoned needles (quivered)
Armour
 a - a +0 robe (worn)
 o - a +0 buckler
Scrolls
 e - 4 scrolls of identify
 l - a scroll of remove curse {unknown}
 m - a scroll of magic mapping {unknown}
 n - a scroll of noise {unknown}
 q - a scroll of teleportation {unknown}
Potions
 g - a potion of degeneration {unknown}
 h - a potion of brilliance
 i - a potion of might {unknown}
 j - a potion of curing
 k - a potion of lignification {unknown}
Books
 b - a Young Poisoner's Handbook

   Spells                             Type                      Level
   a - Sting                          Conjuration/Poison           1
   b - Poisonous Vapours              Poison/Air                   2
   c - Mephitic Cloud                 Conjuration/Poison/Air       3
   d - Olgreb's Toxic Radiance        Poison                       4
   e - Venom Bolt                     Conjuration/Poison           5
Comestibles
 c - 2 bread rations


   Skills:
 + Level 0.4 Fighting
 + Level 1.3 Short Blades
 + Level 4.0 Dodging
 + Level 3.9 Stealth
 + Level 3.9 Spellcasting
 + Level 1.6 Conjurations
 + Level 0.8 Air Magic
 - Level 4.0 Poison Magic


You had 5 spell levels left.
You knew the following spells:

 Your Spells              Type           Power        Failure   Level  Hunger
a - Sting                 Conj/Pois      ##..         4%          1    None
b - Poisonous Vapours     Pois/Air       ##....       9%          2    ##.....
c - Mephitic Cloud        Conj/Pois/Air  ##......     21%         3    ###....


Dungeon Overview and Level Annotations

Branches:
Dungeon (4/15)
 Temple: D:4-7

Altars:

Annotations:
D:2 Sigmund
D:3 exclusion: door, Grinder
D:4 Natasha


Innate Abilities, Weirdness & Mutations

You are very small and have problems with some larger weapons.
You are too small for most types of armour.
You have supernaturally acute eyesight. (SInv)
You are a herbivore.
You cover ground extremely quickly.
You need consume almost no food.


Message History

The orc priest is engulfed in poison gas.
The orc priest is poisoned.
The orc priest mumbles some strange prayers to Beogh against you.
Beogh smites you!
Ouch! That really hurt!
r - 32 poisoned needles (gained 20) Unknown command.
Unknown command.
Unknown command.
Casting: Poisonous Vapours
Confirm with . or Enter, or press ? or * to list all spells.
Aiming: Poisonous Vapours
Press: ? - help, Dir - move target cursor, f/p - orc priest
Aim: an orc priest, wielding an enchanted flail (heavily wounded, poisoned) Poisonous vapours surround the orc priest!
The orc priest looks even sicker.
The orc priest calls down the wrath of Beogh upon you.
Beogh smites you!
Ouch! That really hurt!
You die...

#.[... .#
#..##.#..##.#
#...##.#.....##
...........o..# #...
.........# ...
#......# #.#
#......# ####.#
#..#...##
#.@..######†.#.....
####.....o?..#....#
#....(##o###.#.#
#.##..##........
#.##.#######.###
.#.# #............#
...#.##.###.###.####
#^......# #.....#
#..####.#
#####.######


You could see an orc priest.

Vanquished Creatures
  An orc priest (D:4)
  Jessica (D:2)
  3 adders
  3 oozes (D:3)
  3 worms
  A dart slug (D:2)
  3 leopard geckos
  An orc (D:3)
  8 giant cockroaches
  5 goblins
  11 hobgoblins
  6 jackals (D:3)
  21 kobolds
  A quokka (D:3)
  A ball python (D:3)
  8 bats
  2 frilled lizards (D:3)
  8 rats
87 creatures vanquished.

Vanquished Creatures (others)
  8 fungi (D:3)
  3 toadstools (D:3)
11 creatures vanquished.

Grand Total: 98 creatures vanquished

Notes
Turn   | Place    | Note
-------+----------+-------------------------------------------
     0 | D:1      | nubinia the Spriggan Venom Mage began the quest for the Orb.
     0 | D:1      | Reached XP level 1. HP: 9/9 MP: 5/5
   269 | D:1      | Reached XP level 2. HP: 13/13 MP: 1/6
   407 | D:1      | Learned a level 2 spell: Poisonous Vapours
   953 | D:1      | Reached XP level 3. HP: 16/16 MP: 5/8
  1209 | D:2      | Noticed Jessica
  1216 | D:2      | Killed Jessica
  1216 | D:2      | Reached skill level 1 in Conjurations
  1319 | D:2      | Noticed Sigmund
  1343 | D:2      | Learned a level 3 spell: Mephitic Cloud
  1402 | D:2      | Reached XP level 4. HP: 21/21 MP: 10/10
  2800 | D:3      | Noticed Grinder
  2852 | D:3      | Reached XP level 5. HP: 19/24 MP: 11/11
  3432 | D:4      | Noticed a centaur
  3433 | D:4      | Noticed Natasha
  3746 | D:4      | Reached skill level 1 in Short Blades
  3759 | D:4      | Killed from afar by an orc priest

Vault maps used:
D:1:      sevenhm_arrival_forest_fort_small_6, st_stairs_5, bh_walls_and_bars
D:2:      minmay_split_cup_large, uniq_sigmund, uniq_jessica
D:3:      cheibrodos_fertilizer, first_bread, uniq_grinder
D:4:      st_stairs_12, serial_bayou_pond_c, uniq_crazy_yiuf_cottage,
          uniq_natasha

Skill      XL: |  1  2  3  4  5 |
---------------+----------------+-----
Spellcasting   | 3 |  3.9
Conjurations   | 1 |  1.6
Dodging        | 4 |  4.0
Short Blades   | 1 |  1.3
Poison Magic   | 4 |  4.0
Fighting       | |  0.4
Stealth        | |  3.9
Air Magic      | |  0.8

Action                   |  1- 3 |  4- 6 || total
-------------------------+-------+-------++-------
Melee: Dagger            |    50 |   103 ||   153
 Fire: Blowgun           |       |     1 ||     1
 Cast: Sting             |    51 |    45 ||    96
       Poisonous Vapours |       |    27 ||    27
  Use: Scroll            |     1 |     1 ||     2
       Potion            |       |     1 ||     1
 Stab: Sleeping          |     7 |     9 ||    16
  Eat: Royal jelly       |       |     1 ||     1
Armor: Robe              |     8 |     7 ||    15
Dodge: Dodged            |    54 |    68 ||   122
